 Dungeon Crawl Stone Soup version 0.23.2-40-g277498a001 (webtiles) character file.

Game seed: 3252206215205932076

1771 Exodus22XD the Destroyer (level 8, -2/41 HPs)
             Began as a Deep Elf Wizard on Sept 13, 2019.
             Was a Believer of Vehumet.
             Killed from afar by an electric eel (14 damage)
             ... with a bolt of electricity
             ... on level 6 of the Dungeon.
             The game lasted 00:24:52 (7663 turns).

Exodus22XD the Destroyer (Deep Elf Wizard)          Turns: 7663, Time: 00:24:53

Health: -2/41      AC:  4    Str:  4    XL:     8   Next: 80%
Magic:  7/16       EV: 13    Int: 26    God:    Vehumet [**....]
Gold:   200        SH:  0    Dex: 13    Spells: 4/15 levels left

rFire    . . .     SeeInvis .   x - +0 short sword
rCold    . . .     Gourm    .   (no shield)
rNeg     . . .     Faith    .   a - +0 robe
rPois    .         Spirit   .   y - +0 helmet
rElec    .         Reflect  .   l - +0 cloak
rCorr    .         Harm     .   (no gloves)
MR       .....                  (no boots)
Stlth    ++........             (no amulet)
HPRegen  0.13/turn              (no ring)
MPRegen  0.15/turn              (no ring)

@: no status effects
A: no striking features
a: Renounce Religion


You were on level 6 of the Dungeon.
You worshipped Vehumet.
Vehumet was pleased with you.
You were hungry.

You visited 1 branch of the dungeon, and saw 6 of its levels.
You also visited: Sewer.

You collected 200 gold pieces.

Inventory:

Hand Weapons
 x - a +0 short sword (weapon)
Armour
 a - a +0 robe (worn)
 l - a +0 cloak (worn)
 y - a +0 helmet (worn)
Wands
 A - a wand of acid (8)
Scrolls
 b - a scroll of blinking {unknown}
 g - a scroll of amnesia {unknown}
 i - 3 scrolls of enchant armour
 j - 2 scrolls of fear {unknown}
 k - 2 scrolls of teleportation
 m - a scroll of fog {unknown}
 p - 2 scrolls of immolation {unknown}
 r - a scroll of magic mapping {unknown}
 u - a scroll of enchant weapon {unknown}
 v - 2 scrolls of remove curse {unknown}
Potions
 c - a potion of lignification
 e - a potion of berserk rage
 f - 2 potions of resistance
 h - 5 potions of might
 n - a potion of invisibility {unknown}
 o - a potion of heal wounds {unknown}
 q - a potion of curing
 s - a potion of brilliance {unknown}
 t - 2 potions of haste {unknown}
Comestibles
 d - 9 rations


   Skills:
 - Level 2.4 Dodging
 - Level 2.4 Stealth
 - Level 4.4 Spellcasting
 * Level 9.6 Conjurations
 - Level 5.2 Summonings
 - Level 1.1 Translocations
 - Level 5.8 Fire Magic


You had 4 spell levels left.
You knew the following spells:

 Your Spells              Type           Power        Failure   Level  Hunger
a - Magic Dart            Conj           ####         1%          1    None
b - Call Imp              Summ           ####....     1%          2    None
c - Blink                 Tloc           N/A          8%          2    None
d - Conjure Flame         Conj/Fire      #####...     1%          3    ##.....
e - Mephitic Cloud        Conj/Pois/Air  ###.....     7%          3    ##.....

Your spell library contained the following spells:

 Spells                   Type           Power        Failure   Level  Hunger
 Flame Tongue             Conj/Fire      #####        1%          1    None
 Slow                     Hex            #.......     12%         2    None


Dungeon Overview and Level Annotations

Branches:
Dungeon (6/15)
 Temple: D:4-7

Altars:
Elyvilon
Vehumet
Xom

Shops:
D:6 *


Message History

Aiming: Magic Dart (safe; 1% risk of failure)
Press: ? - help, Shift-Dir - straight line, f/p - electric eel
Aim: an electric eel (almost dead, confused)
The magic dart hits the electric eel!
You kill the electric eel!
Vehumet accepts your kill.
You feel your power returning.
Casting: Magic Dart (safe; 1% risk of failure)
Confirm with . or Enter, or press ? or * to list all spells.
Aiming: Magic Dart (safe; 1% risk of failure)
Press: ? - help, Shift-Dir - straight line, f - electric eel
Aim: an electric eel The magic dart hits the electric eel.
The electric eel is moderately wounded.
The electric eel shoots out a bolt of lightning at you!
The bolt of electricity hits you!
* * * LOW HITPOINT WARNING * * *
The electric eel shoots out a bolt of lightning at you!
The bolt of electricity hits you!
You die...

..# #.###.≈≈♣♣♣≈.≈♣♣♣ .##
#.# #..≈≈≈≈≈≈≈≈≈≈ ## #.#
#..≈..≈≈≈≈≈.. #
#.###.≈≈≈≈≈≈.≈≈≈ #
#.....≈≈♣♣♣≈≈≈♣ # #####.≈≈♣
♣≈≈≈♣ #..≈♣♣♣≈.≈♣♣♣≈;≈
##.≈≈≈≈≈≈.≈≈≈≈≈.≈
##......≈@≈.≈≈...≈
####...≈≈≈≈≈≈.≈≈≈°≈.≈
+.......≈♣♣♣≈≈≈♣♣♣≈≈≈♣ .≈
####....≈♣ ♣≈≈≈♣ ♣≈≈≈♣ ≈.≈
##..≈≈♣♣♣≈≈≈♣♣♣≈.≈♣♣♣≈.≈
#...≈≈≈≈≈.≈≈≈≈≈.≈≈≈≈≈.≈≈≈
###...≈≈.≈.≈.≈≈..≈≈.≈≈≈≈.≈.
#.....≈≈≈≈≈.≈≈≈≈≈.≈≈≈≈≈≈≈≈
#.....≈♣♣♣≈.≈♣ ♣≈.≈♣ ♣≈≈≈♣


You could see an electric eel.

Vanquished Creatures
  Grinder (D:3)
  A black bear (D:6)
  A sky beast (D:6)
  3 ogres
  2 centaurs (D:6)
  A bullfrog (D:6)
  2 scorpions
  3 wights (D:6)
  A howler monkey (D:4)
  2 electric eels (D:6)
  An orc priest (D:4)
  An orc wizard (D:3)
  An iguana (D:4)
  3 worker ants
  Robin (D:4)
  7 gnolls (D:2)
  A river rat (D:3)
  13 adders
  2 shadow imps
  An ooze (D:3)
  2 adder zombies
  An adder skeleton (D:5)
  2 worms (D:2)
  2 dart slugs
  2 leopard geckos
  13 orcs
  A ball python (D:5)
  6 giant cockroaches
  7 goblins
  6 hobgoblins
  14 jackals
  3 kobolds
  8 bats
  14 frilled lizards
  A leopard gecko skeleton (D:5)
  A leopard gecko zombie (D:6)
  2 quokka skeletons
  7 rats
140 creatures vanquished.

Vanquished Creatures (collateral kills)
  A phantom (D:6)
  A wight (D:6)
2 creatures vanquished.

Grand Total: 142 creatures vanquished

Notes
Turn   | Place    | Note
-------+----------+-------------------------------------------
     0 | D:1      | Exodus22XD the Deep Elf Wizard began the quest for the Orb.
     0 | D:1      | Reached XP level 1. HP: 10/10 MP: 7/7
   330 | D:1      | Reached skill level 2 in Conjurations
   339 | D:1      | Reached XP level 2. HP: 15/15 MP: 2/9
   654 | D:2      | Reached skill level 3 in Conjurations
   719 | D:2      | Reached XP level 3. HP: 18/19 MP: 6/10
   869 | D:2      | Reached skill level 4 in Conjurations
   881 | D:2      | Reached XP level 4. HP: 6/24 MP: 0/12
  1385 | D:2      | Reached skill level 5 in Conjurations
  1882 | D:3      | Reached XP level 5. HP: 28/28 MP: 4/13
  1888 | D:3      | Learned a level 2 spell: Call Imp
  1891 | D:3      | Learned a level 2 spell: Blink
  1895 | D:3      | Learned a level 3 spell: Conjure Flame
  1899 | D:3      | Learned a level 3 spell: Mephitic Cloud
  2090 | D:3      | Found a glowing drain.
  2094 | Sewer    | Entered a sewer
  2719 | D:3      | Noticed Grinder
  2830 | D:3      | Found a radiant altar of Vehumet.
  2830 | D:3      | Found a white marble altar of Elyvilon.
  2835 | D:3      | Became a worshipper of Vehumet
  2938 | D:3      | Paralysed by Grinder for 6 turns
  2947 | D:3      | Paralysed by Grinder for 6 turns
  3010 | D:3      | Killed Grinder
  3010 | D:3      | Reached skill level 5 in Summonings
  3010 | D:3      | Reached XP level 6. HP: 21/32 MP: 1/14
  3217 | D:3      | Reached skill level 1 in Fire Magic
  3316 | D:4      | Found a shimmering altar of Xom.
  3647 | D:4      | Reached XP level 7. HP: 36/36 MP: 0/15
  3849 | D:4      | Noticed Robin
  3903 | D:4      | Killed Robin
  4579 | D:4      | Reached * piety under Vehumet
  4579 | D:4      | Offered knowledge of Sandblast by Vehumet.
  5110 | D:5      | Entered Level 5 of the Dungeon
  5484 | D:5      | Reached skill level 5 in Fire Magic
  5502 | D:5      | Found a white marble altar of Elyvilon.
  6046 | D:6      | Found Gygisyd's General Store.
  6168 | D:6      | Reached skill level 6 in Conjurations
  6177 | D:6      | Reached XP level 8. HP: 41/41 MP: 3/16
  6446 | D:6      | Reached ** piety under Vehumet
  6446 | D:6      | Offered knowledge of Flame Tongue by Vehumet.
  6446 | D:6      | Reached skill level 7 in Conjurations
  6564 | D:6      | Reached skill level 8 in Conjurations
  7150 | D:6      | Reached skill level 9 in Conjurations
  7663 | D:6      | Killed from afar by an electric eel

Skill      XL: |  1  2  3  4  5  6  7  8 |
---------------+-------------------------+-----
Conjurations   | 2 3 4 5 6 9 |  9.6
Summonings     | 5 |  5.2
Fire Magic     | 3 5 |  5.8
Dodging        | |  2.4
Stealth        | |  2.4
Spellcasting   | |  4.4
Translocations | |  1.1

Action                   |  1- 3 |  4- 6 |  7- 9 || total
-------------------------+-------+-------+-------++-------
Melee: Unarmed           |     1 |       |     7 ||     8
 Cast: Magic Dart        |    61 |   148 |   195 ||   404
       Conjure Flame     |       |     4 |    14 ||    18
       Mephitic Cloud    |       |     1 |     6 ||     7
       Call Imp          |       |       |     3 ||     3
Evoke: Wand              |       |       |     1 ||     1
  Use: Scroll            |       |     4 |     4 ||     8
       Potion            |       |       |     1 ||     1
  Eat: Chunk             |       |     8 |     9 ||    17
       Ration            |       |       |     1 ||     1
Armor: Robe              |     1 |     6 |     7 ||    14
Dodge: Dodged            |    15 |    19 |    36 ||    70
